 Dungeon Crawl Stone Soup version 0.26.1-11-gd32895ea62 (webtiles) character file.

Game seed: 1127742430162068945

93 Eryximachus the Caller (level 4, 0/30 HPs)
             Began as a Mummy Summoner on May 2, 2021.
             Slain by an orc
             ... wielding a +0 morningstar
              (5 damage)
             ... on level 3 of the Dungeon.
             The game lasted 00:07:00 (5227 turns).

Eryximachus the Caller (Mummy Summoner)             Turns: 5227, Time: 00:07:01

Health: 0/30       AC:  5    Str: 11    XL:     4   Next: 37%
Magic:  3/9        EV: 12    Int: 15    God:
Gold:   131        SH:  0    Dex: 12    Spells: 7/10 levels left

rFire    x . .     SeeInvis .   c - +0 short sword
rCold    + . .     Faith    .   (no shield)
rNeg     + + +     Spirit   .   a - +0 robe
rPois    ∞         Reflect  .   (no helmet)
rElec    .         Harm     .   i - +2 cloak
rCorr    .         Rampage  .   (no gloves)
Will     .....                  (no boots)
Stlth    ++........             (no amulet)
HPRegen  0.10/turn              (no ring)
MPRegen  0.11/turn              (no ring)

@: no status effects
A: no potions, fire vulnerability, cold resistance 1, negative energy resistance
3, torment resistance, unbreathing
a: no special abilities


You were on level 3 of the Dungeon.
You visited 1 branch of the dungeon, and saw 3 of its levels.

You collected 131 gold pieces.

Inventory:

Hand Weapons
 c - a +0 short sword (weapon)
Armour
 a - a +0 robe (worn)
 g - a +0 robe of cold resistance
 i - a +2 cloak (worn)
Jewellery
 h - an uncursed ring of flight
Wands
 l - a wand of random effects (10)
 m - a wand of flame (21)
Scrolls
 b - a scroll of identify
 d - a scroll of magic mapping
 e - a scroll of noise
 f - a scroll of amnesia
 j - a scroll of random uselessness {unknown}
 k - a scroll of teleportation {unknown}


   Skills:
 - Level 2.0 Dodging
 - Level 2.0 Stealth
 + Level 3.7 Spellcasting
 * Level 4.1 Summonings


You had 7 spell levels left.
You knew the following spells:

 Your Spells              Type           Power        Failure   Level
a - Summon Small Mammal   Summ           60%          3%          1
b - Call Imp              Summ           15%          4%          2

Your spell library contained the following spells:

 Spells                   Type           Power        Failure   Level
 Call Canine Familiar     Summ           15%          10%         3
 Animate Skeleton         Necr           4%           19%         1
 Apportation              Tloc           4%           19%         1
 Corona                   Hex            2%           19%         1
 Summon Guardian Golem    Hex/Summ       9%           24%         3
 Summon Ice Beast         Ice/Summ       9%           61%         4
 Summon Lightning Spire   Summ/Air       9%           61%         4


Dungeon Overview and Level Annotations

Branches:
Dungeon (3/15)

Altars:


Innate Abilities, Weirdness & Mutations

You do not drink.
Your flesh is vulnerable to fire.
You are immune to poison.
Your flesh is cold resistant. (rC+)
You are immune to negative energy. (rN+++)
You are immune to unholy pain and torment.
You can survive without breathing.


Message History

Your crimson imp closely misses the orc.
Your crimson imp blinks!
Something hits your crimson imp. The orc wizard misses your crimson imp.
Something hits your crimson imp.
Something hits your crimson imp but does no damage.
You hit the orc but do no damage. The orc barely misses you.
Your crimson imp hits the orc but does no damage.
You hit the orc.
The orc is moderately wounded.
The orc wizard hits your crimson imp with a +0 dagger.
The orc hits you with a +0 morningstar.
* * * LOW HITPOINT WARNING * * *
Your crimson imp barely misses the orc.
You barely miss the orc.
The orc is moderately wounded.
The orc barely misses you.
You hit the orc.
The orc is severely wounded.
The orc hits you with a +0 morningstar.
You die...

##.######).....#
#####
#.......#))##..#
#...#
#....l..#..##..#
#...#
#.5..oo.#...#..#
#...#
...l#..##o##.#.#..#
#...# # #.o
#5##.#....####...##
#..
#.##.#............#
..#
#5##.#.........(..#
...
#5o@.#............#
....
######..>...†.....#
.....
#...............##
#.###.............
#.# ##.###########
#.# #.# #.# #.# #.#
#.# #.####.#


You could see an orc and 2 friendly crimson imps.

Vanquished Creatures
  An ooze (D:1)
  A worm (D:2)
  2 giant cockroaches
  A goblin (D:1)
  3 hobgoblins
  A kobold (D:1)
  A quokka (D:2)
  2 bats
  3 frilled lizards
  4 rats
19 creatures vanquished.

Vanquished Creatures (collateral kills)
  An orc wizard (D:3)
  Crazy Yiuf (D:2)
  2 oozes
  A worm (D:3)
  A dart slug (D:3)
  A leopard gecko (D:2)
  4 orcs (D:3)
  4 giant cockroaches
  4 goblins (D:1)
  A hobgoblin (D:1)
  4 jackals (D:2)
  A bat (D:1)
  2 frilled lizards
  6 kobolds
  6 rats
39 creatures vanquished.

Grand Total: 58 creatures vanquished

Notes
Turn   | Place    | Note
-------+----------+-------------------------------------------
     0 | D:1      | Eryximachus the Mummy Summoner began the quest for the Orb.
     0 | D:1      | Reached XP level 1. HP: 13/13 MP: 4/4
   607 | D:1      | Reached XP level 2. HP: 14/19 MP: 2/5
   677 | D:1      | Learned a level 2 spell: Call Imp
  1882 | D:2      | Reached XP level 3. HP: 24/24 MP: 2/7
  2224 | D:2      | Found a runed translucent door.
  2225 | D:2      | Noticed Crazy Yiuf
  3852 | D:2      | Killed Crazy Yiuf
  4434 | D:3      | Reached skill level 4 in Summonings
  4443 | D:3      | Reached XP level 4. HP: 30/30 MP: 1/9
  5227 | D:3      | Slain by an orc

Illustrated notes

Levels and vault maps discovered:
D:1:      scummos_arrival_simple_fountains, layout_basic
D:2:      wander_river, layout_loops_ring, uniq_crazy_yiuf_cottage
D:3:      minmay_wonky_spiral, layout_basic

Skill      XL: |  1  2  3 |
---------------+----------+-----
Spellcasting   | 3 |  3.7
Stealth        | 2 |  2.0
Dodging        | 2 |  2.0
Summonings     | 4 |  4.1

Action                   |  1- 3 |  4- 6 || total
-------------------------+-------+-------++-------
Melee: Short sword       |    76 |    34 ||   110
       Unarmed           |    13 |       ||    13
 Cast: Summon Small Mamm |    17 |       ||    17
       Call Imp          |    38 |     6 ||    44
  Use: Scroll            |     4 |       ||     4
 Stab: Sleeping          |     2 |       ||     2
Armor: Robe              |    17 |     7 ||    24
Dodge: Dodged            |    62 |    28 ||    90
